Map: Cactus Valley LE

Players

Treia

  • Race: Zerg Zerg
  • Spawn Location: 1:00

bsong

  • Race: Zerg Zerg
  • Spawn Location: 11:00

Caevrane

  • Race: Protoss Protoss

Kantuva

  • Race: Protoss Protoss

VOD

Have the link to the VOD?

Description

Time

  • Played on: April 2, 2015, 12:19 a.m.
  • Length: 7:31
Show
View Real Time Build Order
Export as new Build Order

Treia Zerg 

Build Orders: Pool First 

Get SALT Encoding   

  12  0:18  Spawning Pool  
  11  0:22  Drone  
  11  0:27  Drone  
  13  0:35  Overlord  
  13  0:40  Drone  
  14  1:05  Zergling x6  
  17  1:17  Queen  
  20  1:18  Drone  
  20  1:34  Zergling x2  
  21  1:40  Drone  
  22  1:53  Overlord  
  22  1:56  Hatchery  
  21  2:05  Extractor  
  20  2:14  Roach Warren  
  19  2:20  Drone x3  
  21  2:27  Drone  
  23  2:30  Drone  
  23  2:33  Drone  
  24  2:38  Drone  
  25  2:59  Roach x2  
  25  3:04  Extractor  
  27  3:11  Extractor  
  26  3:16  Drone  
  26  3:17  Drone x4  
  31  3:24  Roach  
  32  3:30  Overlord  
  32  3:35  Overlord  
  32  3:43  Queen  
  32  3:47  Drone  
  35  3:51  Drone  
  35  3:53  Ravager x2  
  38  3:58  Drone  
  38  3:59  Drone  
  38  4:01  Ravager  
  41  4:03  Drone  
  42  4:17  Drone x4  
  46  4:24  Drone x2  
  46  4:28  Overlord  
  48  4:36  Drone x3  
  51  4:40  Overlord  
  51  4:48  Drone x3  
  51  4:52  Drone x2  
  56  4:58  Lair  
  55  5:08  Drone x4  
  59  5:20  Overlord  
  59  5:21  Overlord x2  
  53  5:22  Drone  
  53  5:23  Drone x3  
  57  5:35  Roach x4  
  65  5:36  Roach  
  67  5:51  Hatchery  
  66  6:00  Ravager  
  66  6:01  Drone x7, Ravager  
  66  6:02  Drone x2, Ravager x3  
  80  6:05  Extractor  
  80  6:09  Spire  
  78  6:29  Zergling x2  
  78  6:30  Zergling x10  
  84  6:36  Evolution Chamber  
  84  6:37  Evolution Chamber  
  82  6:40  Queen  
  84  6:55  Drone x2  
  84  6:56  Drone x5  
  91  7:10  Extractor  
  91  7:14  Extractor  
Show
View Real Time Build Order
Export as new Build Order

bsong Zerg 

Build Orders:  

Get SALT Encoding   

  12  0:01  Probe  
  13  0:17  Pylon  
  13  0:19  Probe  
  14  0:42  Probe  
  15  0:52  Probe  
  16  1:00  Probe  
  17  1:05  Nexus  
  17  1:09  Probe  
  17  1:15  Gateway  
  17  1:18  Probe  
  18  1:20  Assimilator  
  18  1:21  Assimilator  
  18  1:30  Probe  
  19  1:34  Gateway, Pylon  
  19  1:40  Probe  
  19  1:43  Assimilator  
  20  2:07  Zealot  
  20  2:08  Probe  
  23  2:16  Probe  
  24  2:33  Zealot  
  24  2:34  Zealot  
  26  3:08  Probe  
  26  3:09  Zealot  
  29  3:15  Zealot  
  29  3:17  Pylon  
  30  3:22  Probe  
  30  3:34  Cybernetics Core  
  30  3:37  Probe  
  31  3:43  Zealot  
  31  3:45  Probe  
  34  3:57  Probe, Pylon, Assimilator  
  35  4:05  Probe  
  36  4:10  Warp Gate  
  36  4:14  Stalker  
  36  4:15  Stalker  
  40  4:30  Mothership Core  
  38  5:00  Stalker x2  
  40  5:09  Probe  
  41  5:19  Probe  
  39  5:23  Zealot  
  38  5:30  Zealot  
  38  5:31  Probe  
  38  5:35  Robotics Facility  
  43  5:37  Pylon  
  43  5:43  Probe  
  44  5:50  Zealot  
  44  5:54  Probe  
  47  5:57  Pylon  
  47  6:02  Probe  
  48  6:12  Probe  
  48  6:16  Stalker  
  51  6:24  Probe  
  52  6:28  Stalker  
  52  6:35  Probe  
  52  6:37  Pylon  
  53  6:40  Pylon  
  53  6:43  Immortal  
  43  6:53  Stalker, Pylon  
  45  7:00  Stalker  
  41  7:05  Probe  
  34  7:17  Probe  
  34  7:22  Stalker  
Show
View Real Time Build Order
Export as new Build Order

Caevrane Protoss 

Build Orders:  

Get SALT Encoding   

Show
View Real Time Build Order
Export as new Build Order

Kantuva Protoss 

Build Orders:  

Get SALT Encoding   

Tags
 
Add a new tag
Caveats
  • Supply blocks, unpowered buildings, or Contaminate may cause inaccurate times.
  • Supply counts are checked every 10 seconds.